 Dungeon Crawl Stone Soup version 0.19-a0-496-g61814d3 (webtiles) character file.

7112 Pfff the Geomancer (level 11, -1/64 HPs)
             Began as a Gargoyle Earth Elementalist on June 5, 2016.
             Was a Priest of Vehumet.
             Slain by a yak (7 damage)
             ... on level 9 of the Dungeon.
             The game lasted 00:44:02 (11420 turns).

Pfff the Geomancer (Gargoyle Earth Elementalist)   Turns: 11420, Time: 00:44:05

Health: -1/64      AC: 16    Str: 13    XL:     11   Next: 10%
Magic:  40/41      EV: 20    Int: 18    God:    Vehumet [***...]
Gold:   435        SH:  0    Dex: 15    Spells: 3 memorised, 18 levels left

rFire  . . .     SeeInvis .     q - +2 short sword (elec)
rCold  . . .     Gourm    .     M - +2 robe {rN+}
rNeg   + + .     Faith    .     (no shield)
rPois  ∞         Spirit   .     (no helmet)
rElec  +         Dismiss  .     o - +1 cloak
rCorr  .         Reflect  .     (no gloves)
SustAt .         Harm     .     k - +1 pair of boots
MR     .....                    (no amulet)
Stlth  +++.......               I - ring of magical power
                                J - ring of magical power

@: agile, about to teleport, very slightly contaminated, not resistant to
hostile enchantments, fairly stealthy
A: negative energy resistance 1, electricity resistance, unbreathing,
petrification resistance, rot immunity, AC +7
a: Renounce Religion


You were on level 9 of the Dungeon.
You worshipped Vehumet.
Vehumet was most pleased with you.
You were hungry.

You visited 2 branches of the dungeon, and saw 10 of its levels.
You also visited: Ossuary.

You collected 435 gold pieces.

Inventory:

Hand Weapons
 f - a +4 flail
 h - a +2 flail of venom
 p - a +0 mace of protection
 q - a +2 short sword of electrocution (weapon)
 u - a +3 whip of draining
 x - a +2 whip of holy wrath
 C - a +2 whip of flaming
Missiles
 b - 166 stones (quivered)
Armour
 k - a +1 pair of boots (worn)
 o - a +1 cloak (worn)
 M - a +2 robe of positive energy (worn)
Jewellery
 m - a +3 ring of protection
 r - an uncursed ring of flight
 y - an uncursed ring of protection from cold
 G - an uncursed ring of protection from cold
 H - a +4 ring of strength
 I - a ring of magical power (right hand)
 J - a ring of magical power (left hand)
Wands
 D - a wand of flame (15/48)
Scrolls
 i - 2 scrolls of teleportation
 s - a scroll of immolation
 z - 4 scrolls of remove curse
 A - a scroll of recharging
 F - a scroll of fog
Potions
 a - a potion of cure mutation
 n - a potion of flight
 t - a potion of ambrosia
 v - 4 potions of curing
 B - 2 potions of mutation
 E - a potion of berserk rage
 K - a potion of might {unknown}
 L - a potion of invisibility
Books
 c - a book of the Warp

   Spells                             Type                      Level
   a - Recall                         Summoning/Translocation      3
   b - Gell's Gravitas                Hexes/Translocation          3
   c - Force Lance                    Conjuration/Translocation    4
   d - Warp Weapon                    Charms/Translocation         5
   e - Summon Forest                  Summoning/Translocation      5
 e - a book of Geomancy

   Spells                             Type                      Level
   a - Sandblast                      Earth                        1
   b - Passwall                       Transmutation/Earth          2
   c - Stone Arrow                    Conjuration/Earth            3
   d - Petrify                        Transmutation/Earth          4
   e - Lee's Rapid Deconstruction     Earth                        5
Comestibles
 d - 7 bread rations
 l - 4 slices of pizza


   Skills:
 + Level 5.9 Fighting
 + Level 5.1 Maces & Flails
 + Level 5.7 Armour
 + Level 4.6 Dodging
 - Level 2.1 Stealth
 * Level 8.6 Spellcasting
 + Level 6.6 Conjurations
   Level 0.7 Transmutations
 + Level 8.7 Earth Magic


You had 18 spell levels left.
You knew the following spells:

 Your Spells              Type           Power        Failure   Level  Hunger
a - Sandblast             Erth           #####.       1%          1    None
b - Stone Arrow           Conj/Erth      #####.       1%          3    None
c - Lee's Rapid Deconstr  Erth           #####.....   2%          5    #####..


Dungeon Overview and Level Annotations

Branches:
Dungeon (9/15)             Temple (1/1) D:5
   Lair: D:8-11         Orc: D:9-12

Altars:
Ashenzari
Dithmenos
Elyvilon
Fedhas
Gozag
Hepliaklqana
Kikubaaqudgha
Makhleb
Nemelex Xobeh
Okawaru
Pakellas
Qazlal
Ru
Sif Muna
Trog
Uskayaw
Vehumet
Xom
Yredelemnul
Zin
The Shining One

Shops:
D:5 *


Innate Abilities, Weirdness & Mutations

You are resistant to torment.
Your stone body is resilient. (AC +7)
You are immune to poison.
You resist negative energy. (rN+)
You are resistant to electric shocks. (rElec)
You can survive without breathing.
You are immune to petrification.
You are immune to rotting.


Message History

The yak is severely wounded.
The yak gores you but does no damage. The yak gores you.
* * * LOW HITPOINT WARNING * * *
The yak gores you!
* * * LOW HITPOINT WARNING * * *
The yak misses you. x2
You are too injured to fight recklessly!
You are too injured to fight recklessly!
You are too injured to fight recklessly!
Okay, then.
You feel much better. The yak gores you. The yak gores you!
The yak barely misses you. The yak misses you.
The yak gores you but does no damage.
As you read the scroll of teleportation, it crumbles to dust.
You feel strangely unstable. The yak gores you.
* * * LOW HITPOINT WARNING * * *
The yak gores you!
* * * LOW HITPOINT WARNING * * *
The yak misses you. The yak gores you!
You die...

#.......# #...#
#...##### #...#
#...# ..#
######...# $#
.........#
.........#
.........#
.........######.
#....$Y@Y.?.....
#.....YYY.......
#.........#####.
#.........#
..........#
..........#
..........#
..........#


You could see 5 yaks.

Vanquished Creatures
  Gastronok (D:9)
  Erolcha (D:8)
  Pikel (D:9)
  A wraith (Ossuary)
  A wyvern (D:8)
  Edmund (D:4)
  4 orc warriors
  An ice beast (D:7)
  3 black bears
  2 phantoms (D:9)
  2 necrophages
  5 ogres
  The ghost of runewalsh the Insei, an amateur OpTm (D:3)
  2 giant frogs
  A gnoll sergeant (D:9)
  17 killer bees
  4 howler monkeys
  2 crimson imps
  2 quasits
  2 hounds
  13 orc wizards
  A jelly (D:9)
  7 orc priests
  5 iguanas
  4 worker ants
  A hound zombie (D:8)
  A mummy (Ossuary)
  A worker ant zombie (D:9)
  2 howler monkey skeletons (D:4)
  7 gnolls
  9 adders
  2 shadow imps (D:7)
  An ooze (D:7)
  An adder zombie (D:7)
  A worm (D:2)
  4 dart slugs
  6 giant geckos
  43 orcs
  2 ball pythons (D:2)
  6 giant cockroaches
  9 goblins
  7 hobgoblins
  10 jackals
  7 kobolds
  4 quokkas
  9 bats
  A giant gecko zombie (D:5)
  5 giant newts
  5 gnoll skeletons (Ossuary)
  7 kobold skeletons (Ossuary)
  13 orc skeletons (Ossuary)
  A quokka zombie (D:6)
  9 rats
258 creatures vanquished.

Notes
Turn   | Place    | Note
--------------------------------------------------------------
     0 | D:1      | Pfff the Gargoyle Earth Elementalist began the quest for the Orb.
     0 | D:1      | Reached XP level 1. HP: 10/10 MP: 3/3
   388 | D:1      | Reached XP level 2. HP: 8/15 MP: 1/5
   850 | D:1      | Reached XP level 3. HP: 13/19 MP: 5/7
  1723 | D:1      | Learned a level 3 spell: Stone Arrow
  2037 | D:2      | Reached XP level 4. HP: 12/24 MP: 0/9
  2615 | D:2      | Found an oddly glowing altar of Pakellas.
  2872 | D:2      | Reached skill level 1 in Conjurations
  3164 | D:3      | Reached XP level 5. HP: 26/28 MP: 10/10
  3171 | D:3      | Learned a level 5 spell: Lee's Rapid Deconstruction
  3203 | D:3      | Noticed runewalsh's ghost (amateur OpTm)
  3212 | D:3      | Killed runewalsh's ghost
  3409 | D:3      | Found a hide-covered altar of Uskayaw.
  3491 | D:3      | Reached XP level 6. HP: 10/32 MP: 2/12
  3858 | D:4      | Noticed a black bear
  3862 | D:4      | Noticed Edmund
  3873 | D:4      | Killed a black bear
  3873 | D:4      | Reached skill level 5 in Spellcasting
  3873 | D:4      | Reached skill level 5 in Earth Magic
  3880 | D:4      | Killed Edmund
  3880 | D:4      | Reached XP level 7. HP: 36/36 MP: 2/15
  3976 | D:4      | Found a blossoming altar of Fedhas.
  4325 | D:4      | Reached skill level 1 in Fighting
  4325 | D:4      | Reached skill level 1 in Maces & Flails
  4325 | D:4      | Reached skill level 1 in Armour
  4508 | D:4      | Reached XP level 8. HP: 43/43 MP: 6/17
  4637 | D:4      | Found a sacrificial altar of Ru.
  4887 | D:5      | Entered Level 5 of the Dungeon
  5020 | D:5      | Found a hazy altar of Hepliaklqana.
  5268 | D:5      | Found a staircase to the Ecumenical Temple.
  5278 | D:5      | Found Zin's Purification Station.
  5280 | Temple   | Entered the Ecumenical Temple
  5377 | D:5      | Found a glowing silver altar of Zin.
  5413 | D:5      | Found a stormy altar of Qazlal.
  5418 | D:5      | Noticed an air elemental
  5421 | D:5      | Noticed a water elemental
  6509 | D:6      | Reached XP level 9. HP: 35/51 MP: 6/19
  6645 | D:6      | Found a white marble altar of Elyvilon.
  6825 | D:6      | Found a radiant altar of Vehumet.
  6839 | D:6      | Became a worshipper of Vehumet
  7631 | D:7      | Found a sand-covered staircase.
  7636 | Ossuary  | Entered an ossuary
  8010 | Ossuary  | Reached * piety under Vehumet
  8010 | Ossuary  | Offered knowledge of Magic Dart by Vehumet.
  8249 | D:7      | Reached skill level 5 in Conjurations
  8290 | D:7      | Found a glowing golden altar of the Shining One.
  8357 | D:7      | Offered knowledge of Sting by Vehumet.
  8560 | D:7      | Reached ** piety under Vehumet
  8793 | D:7      | Got a bloodstained war axe
  8917 | D:7      | Identified the cursed +1 war axe of Wisdom {venom, rElec Dex+2} (You found it on level 7 of the Dungeon)
  9110 | D:7      | Reached XP level 10. HP: 47/58 MP: 10/21
  9792 | D:8      | Offered knowledge of Throw Frost by Vehumet.
  9876 | D:8      | Noticed Erolcha
  9882 | D:8      | Killed Erolcha
  9979 | D:8      | Reached skill level 5 in Fighting
 10491 | D:8      | Found a basalt altar of Yredelemnul.
 10492 | D:8      | Found an ancient bone altar of Kikubaaqudgha.
 10496 | D:8      | Found a sparkling altar of Nemelex Xobeh.
 10668 | D:9      | Reached skill level 5 in Armour
 10687 | D:8      | Reached *** piety under Vehumet
 11228 | D:9      | Noticed Pikel
 11236 | D:9      | Killed Pikel
 11337 | D:9      | Noticed Gastronok
 11353 | D:9      | Killed Gastronok
 11353 | D:9      | Reached skill level 5 in Maces & Flails
 11353 | D:9      | Reached XP level 11. HP: 64/64 MP: 23/23
 11420 | D:9      | Slain by a yak

Vault maps used:
D:1:      lightli_iron_boxes
D:2:      grunt_pakellas_mercury
D:3:      lemuel_round_altar
D:4:      nicolae_ru_the_path_less_chosen, first_bread, fedhas_altar_1,
          uniq_edmund
D:5:      black_bear_nest_2, marbit_many_paths,
          nicolae_qazlal_style_of_elements, zin_purify,
          minmay_temple_entry_statues_pillars
D:6:      old_standard_altar, kennysheep_mini_moat
D:7:      nicolae_tso_carved_into_rock, lightli_ossuary_entry_decrepit_ruins
D:8:      minitemple, uniq_erolcha
D:9:      slow_altar_2, zombieorc2_lemuel, uniq_joseph, uniq_gastronok,
          uniq_pikel
Temple:   dpeg_three_leaves_temple_9
Ossuary:  ossuary_due_mausoleum

Skill      XL: |  1  2  3  4  5  6  7  8  9 10 |
---------------+-------------------------------+-----
Spellcasting   | 3 4 5 6 7 8 |  8.6
Earth Magic    | 4 5 6 7 8 |  8.7
Conjurations   | 1 2 3 4 5 6 |  6.6
Fighting       | 1 3 4 5 |  5.9
Maces & Flails | 1 2 3 5 |  5.1
Armour         | 1 2 4 5 |  5.7
Dodging        | 2 3 4 |  4.6
Stealth        | |  2.1
Transmutations | |  0.7

Action                   |  1- 3 |  4- 6 |  7- 9 | 10-12 || total
-------------------------+-------+-------+-------+-------++-------
Melee: Whip              |    25 |       |       |       ||    25
       Dagger            |   123 |    30 |       |       ||   153
       Short sword       |       |    91 |   301 |   136 ||   528
 Cast: Sandblast         |    25 |    20 |     3 |       ||    48
       Stone Arrow       |     2 |    17 |    63 |    65 ||   147
       Lee's Rapid Decon |       |       |     8 |       ||     8
Evoke: Wand              |       |       |     5 |       ||     5
  Use: Scroll            |     6 |     5 |    21 |     2 ||    34
       Potion            |       |     2 |     3 |     5 ||    10
 Stab: Sleeping          |       |       |     4 |     2 ||     6
       Invisible         |       |       |       |     2 ||     2
  Eat: Chunk             |     4 |     7 |    17 |     7 ||    35
       Royal jelly       |       |       |     2 |       ||     2
       Pizza             |       |       |       |     1 ||     1
Armor: Robe              |    80 |    69 |   171 |   115 ||   435
Dodge: Dodged            |   113 |   100 |   258 |   175 ||   646
